AoeStats
← Drumstein

Arena

508935679Analyzed
4v4 RM · 7d ago on Sep 24, 2026· 48m 34s· 8 players
Game mode
Random Map
Map size
Large (8 player)
Population
200
Speed
Normal
Resources
Standard
Victory
Conquest
Starting age
Dark Age
Ending age
Imperial Age
RankedLock teamsTeams togetherTeam positionsShared explorationLock speedFull tech treeHidden civsTurbo modeCheats
Victory
Defeat
🇮🇱 Poles · Israel
1057
+14
🇷🇺 Turks · Russia
1024
+16
🇬🇧 Varangians · United Kingdom
1015
+16
🇪🇸 Khmer · Spain
958
+18
🇫🇷 Franks · France
1076
-18
🇨🇳 Franks · China
1065
-18
🇮🇳 Italians · India
975
-14
🇩🇪 Mongols · Germany
953
-14
hyperxrev
10:36 Feudal Age
15:55 Castle Age
15:04 Double-Bit Axe
15:04 Horse Collar
15:16 Gold Mining
15:33 Stone Mining
15:31 Loom
17:01 Wheelbarrow
21:17 Bow Saw
28:39 Imperial Age
27:05 Szlachta Privileges
27:37 Husbandry
27:49 Bloodlines
29:18 Hand Cart
28:48 Cavalier
29:39 Scale Barding Armor
30:04 Forging
31:00 Chain Barding Armor
30:24 Light Cavalry
32:09 Chemistry
31:30 Ballistics
31:24 Winged Hussar
32:32 Conscription
32:40 Lechitic Legacy
32:56 Heavy Plow
34:57 Iron Casting
34:23 Scale Mail Armor
34:27 Pikeman
35:07 Squires
34:53 Arson
38:33 Blast Furnace
37:48 Chain Mail Armor
43:05 Plate Mail Armor
43:22 Elite Obuch
I_fireblade
11:19 Feudal Age
15:19 Castle Age
13:15 Loom
13:34 Double-Bit Axe
13:56 Horse Collar
16:56 Bow Saw
18:21 Heavy Plow
19:02 Gold Mining
25:47 Wheelbarrow
30:01 Imperial Age
27:49 Fletching
28:18 Padded Archer Armor
28:33 Town Watch
30:14 Bodkin Arrow
31:02 Gold Shaft Mining
31:27 Conscription
32:04 Artillery
33:24 Leather Archer Armor
34:04 Town Patrol
37:03 Elite Janissary
38:57 Stone Mining
40:51 Hand Cart
44:27 Ring Archer Armor
43:58 Bracer
47:18 Ballistics
46:45 Arrowslits
47:15 Forging
47:05 Scale Mail Armor
Geroncio Sofronio
10:21 Feudal Age
14:33 Castle Age
13:09 Double-Bit Axe
13:06 Horse Collar
18:39 Bow Saw
18:51 Bow Saw
21:35 Wheelbarrow
21:07 Heavy Plow
23:20 Hand Cart
25:24 Gold Mining
25:24 Stone Mining
26:22 Loom
26:23 Town Watch
31:18 Imperial Age
28:35 Pikeman
32:44 Conscription
32:40 Husbandry
32:50 Bloodlines
34:38 Halberdier
35:35 Forging
35:25 Scale Mail Armor
35:16 Fletching
35:26 Padded Archer Armor
35:34 Scale Barding Armor
34:57 Elite Battle Elephant
35:57 Tusk Swords
37:17 Iron Casting
37:28 Chain Mail Armor
37:46 Siege Engineers
38:05 Ballistics
37:33 Light Cavalry
44:03 Blast Furnace
43:23 Chain Barding Armor
43:00 Elite Ballista Elephant
46:52 Double Crossbow
48:47 Plate Barding Armor
Her
10:16 Feudal Age
10:48 Double-Bit Axe
11:14 Loom
14:45 Castle Age
13:27 Stone Mining
13:50 Horse Collar
15:41 Bow Saw
18:04 Heavy Plow
24:33 Forging
24:48 Arson
26:44 Gambesons
27:09 Scale Mail Armor
27:53 Fletching
30:06 Gold Mining
31:14 Wheelbarrow
32:30 Hand Cart
32:14 Guard Tower
32:06 Treadmill Crane
35:09 Chain Mail Armor
35:31 Iron Casting
38:31 Imperial Age
36:47 Bodkin Arrow
37:04 Squires
37:16 Padded Archer Armor
37:28 Masonry
37:43 Ballistics
38:42 Heavy Mounted Crossbowman
38:43 Cranequins
39:30 Town Watch
41:43 Bracer
41:59 Leather Archer Armor
42:19 Architecture
41:46 Murder Holes
43:34 Conscription
46:01 Siege Engineers
47:05 Two-Man Saw
49:32 Ring Archer Armor
iamlegolas312
0:37 Loom
11:03 Feudal Age
12:11 Double-Bit Axe
12:18 Gold Mining
12:20 Stone Mining
15:10 Horse Collar
22:37 Castle Age
25:36 Caravan
28:32 Imperial Age
25:45 Treadmill Crane
26:29 Fletching
26:39 Padded Archer Armor
27:08 Elite Skirmisher
30:56 Padded Archer Armor
31:52 Bodkin Arrow
33:01 Bracer
34:12 Thumb Ring
34:49 Bow Saw
35:16 Heavy Plow
38:17 Chemistry
38:51 Wheelbarrow
38:04 Town Watch
39:10 Conscription
39:26 Forging
39:17 Scale Mail Armor
41:52 Chain Mail Armor
44:01 Iron Casting
Maître Cho
0:46 Loom
10:26 Feudal Age
17:35 Castle Age
27:57 Double-Bit Axe
30:56 Fletching
31:23 Scale Mail Armor
31:31 Scale Barding Armor
31:36 Forging
35:56 Imperial Age
37:32 Cavalier
38:13 Husbandry
42:42 Cavalier
43:25 Husbandry
Drumstein
0:40 Loom
10:53 Feudal Age
11:13 Feudal Age
11:21 Feudal Age
12:31 Double-Bit Axe
17:29 Castle Age
18:55 Wheelbarrow
18:37 Bow Saw
18:45 Husbandry
20:51 Horse Collar
30:19 Imperial Age
27:40 Town Watch
27:54 Murder Holes
28:26 Bloodlines
28:52 Nomads
29:31 Masonry
29:30 Thumb Ring
29:53 Light Cavalry
31:32 Conscription
32:56 Hand Cart
34:27 Heavy Camel Rider
36:49 Chemistry
37:59 Siege Engineers
40:59 Forging
47:04 Ballistics
美团外卖总教练
11:29 Feudal Age
9:45 Loom
12:48 Wheelbarrow
13:06 Double-Bit Axe
18:07 Castle Age
19:01 Bow Saw
20:56 Hand Cart
27:01 Gold Mining
29:33 Gold Shaft Mining
29:40 Stone Mining
34:26 Imperial Age
32:49 Treadmill Crane
33:33 Scale Barding Armor
33:39 Forging
34:44 Chain Barding Armor
35:02 Husbandry
34:25 Light Cavalry
34:30 Cavalier
35:14 Scale Mail Armor
35:51 Iron Casting
37:00 Plate Barding Armor
36:01 Paladin
36:08 Paladin
37:45 Chivalry
38:06 Conscription
37:10 Ordonnance Companies
39:34 Blast Furnace
41:08 Chain Mail Armor
40:29 Pikeman
41:10 Squires
41:38 Halberdier
43:49 Plate Mail Armor
Connection lost

Rejoining the realm…

Still unreachable

The connection could not be restored.

Session expired

The server has moved on; the page needs a fresh start.